Hurricanes vs Senators

Created - March 14 2011 at 18:48

Goals
1 2 3 T
Hurricanes 1 3 0 4
Senators 0 2 1 3
Shots
1 2 3 T
Hurricanes 7 8 4 19
Senators 14 16 12 42

Period #1

1. Hurricanes , Steven Reinprecht 1 (Johnny Oduya, Jed Ortmeyer) at 10:46

Penalties :
Michael Ryder (CAR) for Holding (Minor) at 12:07, Jan Hejda (CAR) for Hooking (Minor) at 12:12, Daniel Briere (OTT) for Hooking (Minor) at 13:28, Jamie Benn (CAR) for Roughing (Minor) at 16:02, Jan Hejda (CAR) for Tripping (Minor) at 18:00, Chris Stewart (OTT) for Tripping (Minor) at 18:41

Period #2

2. Hurricanes , Jarome Iginla 33 (Eric Staal, Jamie Benn) at 0:26 (PP)
3. Senators , Dion Phaneuf 23 (Mike Cammalleri, Sidney Crosby) at 0:56
4. Senators , Jordan Staal 8 (Karlis Skrastins, Guillaume Latendresse) at 1:08
5. Hurricanes , Jarome Iginla 34 (Eric Staal) at 8:26 (SH)
6. Hurricanes , Brandon Yip 24 (Freddy Meyer, Mikhail Grabovski) at 16:49

Penalties :
Ryan Wilson (CAR) for Holding (Minor) at 3:09, Chris Thorburn (CAR) for Slashing (Minor) at 6:28, Chris Thorburn (CAR) for Tripping (Minor) at 8:51, Freddy Meyer (CAR) for Holding (Minor) at 14:38, Chris Thorburn (CAR) for Holding (Minor) at 17:01, Michael Ryder (CAR) for Interference (Minor) at 19:55

Period #3

7. Senators , Sidney Crosby 44 (Jay Bouwmeester) at 1:57

Penalties :
Ryan OByrne (CAR) for Hooking (Minor) at 5:22, Brent Sopel (OTT) for Tripping (Minor) at 7:29, Jay Bouwmeester (OTT) for Roughing (Minor) at 10:01

Goalie Stats

Brian Elliott (CAR), 39 saves from 42 shots - (0.929), W, 8-9-1, 60:00 minutes
Carey Price (OTT), 5 saves from 5 shots - (1.000), 22:14 minutes
Pascal Leclaire (OTT), 10 saves from 14 shots - (0.714), L, 26-30-9, 36:49 minutes

Players Stats

Hurricanes
Player Name              G  A  P  +/- PIM S  H  SB FO    MP 
------------------------------------------------------------
Andy Greene              0  0  0   1  0   2  0  4  0/0   22 
Brandon Yip              1  0  1  -1  0   2  2  0  0/2   18 
Chris Thorburn           0  0  0  -1  6   1  2  0  0/0   14 
Eric Staal               0  2  2   1  0   2  1  0  19/39 21 
Freddy Meyer             0  1  1  -1  2   0  3  0  0/0   18 
Jamie Benn               0  1  1   0  2   1  2  2  0/0   14 
Jan Hejda                0  0  0   0  4   1  0  0  0/0   11 
Jarome Iginla            2  0  2   1  0   5  1  1  0/0   21 
Jaroslav Spacek          0  0  0  -2  0   0  0  1  0/0   22 
Jed Ortmeyer             0  1  1   0  0   1  2  0  0/0   8  
Jere Lehtinen            0  0  0   0  0   1  0  0  0/1   12 
Johnny Oduya             0  1  1   1  0   0  0  0  0/0   20 
Martin Hanzal            0  0  0   0  0   1  2  0  9/20  15 
Michael Ryder            0  0  0   0  4   0  0  0  0/0   13 
Mikhail Grabovski        0  1  1  -1  0   0  0  0  6/14  16 
Ryan OByrne              0  0  0   1  2   0  5  1  0/0   15 
Ryan Wilson              0  0  0   0  2   1  2  0  0/0   12 
Steven Reinprecht        1  0  1   0  0   1  0  0  2/15  7  
Senators
Player Name              G  A  P  +/- PIM S  H  SB FO    MP 
------------------------------------------------------------
Brent Sopel              0  0  0   0  2   1  1  2  0/0   16 
Carl Gunnarsson          0  0  0   2  0   4  0  1  0/0   21 
Chris Stewart            0  0  0   0  2   3  5  0  1/2   21 
Daniel Briere            0  0  0  -1  2   0  4  0  1/1   20 
David Jones              0  0  0   0  0   1  1  0  1/2   12 
David Steckel            0  0  0   0  0   0  0  0  5/10  7  
Dion Phaneuf             1  0  1   0  0   3  1  0  0/0   23 
Filip Kuba               0  0  0   0  0   5  0  0  0/0   21 
Guillaume Latendresse    0  1  1   1  0   2  1  0  0/0   11 
Jason Spezza             0  0  0   0  0   3  0  0  14/26 20 
Jay Bouwmeester          0  1  1  -1  2   2  2  0  0/0   24 
Jordan Staal             1  0  1   1  0   3  1  0  15/21 12 
Karlis Skrastins         0  1  1   0  0   1  1  0  0/0   14 
Mike Cammalleri          0  1  1   0  0   7  0  0  1/1   21 
Patrick Dwyer            0  0  0   0  0   0  0  0  0/0   4  
Patrick Eaves            0  0  0   0  0   2  1  0  0/0   6  
Sidney Crosby            1  1  2  -1  0   4  0  0  16/26 21 
Thomas Vanek             0  0  0  -1  0   1  1  0  1/2   18 

3 Stars

1 - Jarome Iginla (CAR)
2 - Eric Staal (CAR)
3 - Jordan Staal (OTT)

Power Play

Hurricanes - 1 on 4 Attempt(s) - 25.00%
Senators - 0 on 11 Attempt(s) - 0.00%

Penalty Kill

Hurricanes - 11 on 11 Attempt(s) - 100.00% - Score 1 goal in Penalty Kill
Senators - 3 on 4 Attempt(s) - 75.00% - Score 0 goal in Penalty Kill

Game Notes

Carey Price enters game at 16:49 of 2nd period

Finance

Level 1 -- Attendance: 5078 (78.12%) -- Ticket Income $507,800.00
Level 2 -- Attendance: 3694 (73.88%) -- Ticket Income $221,640.00
Level 3 -- Attendance: 2963 (84.66%) -- Ticket Income $103,705.00
Level 4 -- Attendance: 1590 (50.43%) -- Ticket Income $47,700.00
Luxury Box -- Attendance: 626 (62.60%) -- Ticket Income $156,500.00
Game was played at the Scotiabank Place
Total Attendance: 13951 (72.84%)
Total Ticket Income: $1,091,098.00
Other Income: $202,782.60
Total Income: $1,293,881.00


Play by Play

Period #1

0:01 of 1st period - Sidney Crosby wins face-off versus Eric Staal in neutral zone.
0:10 of 1st period - Shot by Sidney Crosby.
0:10 of 1st period - Stopped by Brian Elliott without a rebound.
0:11 of 1st period - Mikhail Grabovski wins face-off versus Jason Spezza in Hurricanes zone.
0:42 of 1st period - Shot by Mikhail Grabovski.
0:42 of 1st period - Shot Blocked by Brent Sopel.
1:34 of 1st period - Shot by Mike Cammalleri.
1:34 of 1st period - Stopped by Brian Elliott without a rebound.
1:35 of 1st period - Jordan Staal wins face-off versus Eric Staal in Hurricanes zone.
1:43 of 1st period - Shot by David Jones.
1:43 of 1st period - Stopped by Brian Elliott without a rebound.
1:44 of 1st period - Jordan Staal wins face-off versus Steven Reinprecht in Hurricanes zone.
2:56 of 1st period - Shot by Jason Spezza.
2:56 of 1st period - Stopped by Brian Elliott without a rebound.
2:57 of 1st period - Martin Hanzal wins face-off versus Sidney Crosby in Hurricanes zone.
3:02 of 1st period - Shot by Jan Hejda.
3:02 of 1st period - Stopped by Pascal Leclaire with a rebound.
3:18 of 1st period - Shot by Mike Cammalleri.
3:18 of 1st period - Stopped by Brian Elliott without a rebound.
3:19 of 1st period - Eric Staal wins face-off versus David Steckel in Hurricanes zone.
3:33 of 1st period - Shot by Patrick Eaves.
3:33 of 1st period - Stopped by Brian Elliott without a rebound.
3:34 of 1st period - Eric Staal wins face-off versus Sidney Crosby in Hurricanes zone.
4:31 of 1st period - Freddy Meyer is hit by Guillaume Latendresse and loses puck.
4:45 of 1st period - Jordan Staal is hit by Freddy Meyer and loses puck.
5:03 of 1st period - Jordan Staal is hit by Freddy Meyer and loses puck.
5:36 of 1st period - Shot by Martin Hanzal.
5:36 of 1st period - Shot Blocked by Brent Sopel.
5:42 of 1st period - Brent Sopel is hit by Martin Hanzal and loses puck.
5:54 of 1st period - Off-side.
5:55 of 1st period - Steven Reinprecht wins face-off versus Sidney Crosby in neutral zone.
6:01 of 1st period - Icing by Dion Phaneuf.
6:02 of 1st period - Sidney Crosby wins face-off versus Eric Staal in Senators zone.
6:15 of 1st period - Shot by Sidney Crosby.
6:15 of 1st period - Shot Misses the Net.
6:17 of 1st period - Shot by Filip Kuba.
6:17 of 1st period - Shot Misses the Net.
6:21 of 1st period - Shot by Mike Cammalleri.
6:21 of 1st period - Stopped by Brian Elliott without a rebound.
6:22 of 1st period - Jordan Staal wins face-off versus Steven Reinprecht in Hurricanes zone.
6:23 of 1st period - Shot by Carl Gunnarsson.
6:23 of 1st period - Shot Misses the Net.
6:25 of 1st period - Shot by Karlis Skrastins.
6:25 of 1st period - Stopped by Brian Elliott without a rebound.
6:26 of 1st period - Jordan Staal wins face-off versus Steven Reinprecht in Hurricanes zone.
6:26 of 1st period - Jordan Staal is hit by Ryan OByrne.
6:47 of 1st period - Jordan Staal is hit by Ryan OByrne and loses puck.
7:03 of 1st period - Carl Gunnarsson is hit by Jed Ortmeyer and loses puck.
7:07 of 1st period - Carl Gunnarsson is hit by Ryan OByrne and loses puck.
8:01 of 1st period - Daniel Briere is hit by Jamie Benn and loses puck.
8:14 of 1st period - Dion Phaneuf is hit by Jamie Benn and loses puck.
8:53 of 1st period - Shot by Chris Thorburn.
8:53 of 1st period - Stopped by Pascal Leclaire with a rebound.
9:40 of 1st period - Shot by Guillaume Latendresse.
9:40 of 1st period - Shot Misses the Net.
10:46 of 1st period - Shot by Steven Reinprecht.
10:46 of 1st period - Goal by Steven Reinprecht - Hurricanes : 1 - Senators : 0.
10:47 of 1st period - Daniel Briere wins face-off versus Martin Hanzal in neutral zone.
11:10 of 1st period - Shot by Jere Lehtinen.
11:10 of 1st period - Stopped by Pascal Leclaire with a rebound.
11:12 of 1st period - Shot by Jere Lehtinen.
11:12 of 1st period - Deflect By Martin Hanzal.
11:12 of 1st period - Stopped by Pascal Leclaire with a rebound.
11:14 of 1st period - Shot by Johnny Oduya.
11:14 of 1st period - Deflect By Jamie Benn.
11:14 of 1st period - Stopped by Pascal Leclaire without a rebound.
11:15 of 1st period - Jordan Staal wins face-off versus Steven Reinprecht in Senators zone.
11:25 of 1st period - Icing by David Jones.
11:26 of 1st period - David Jones wins face-off versus Eric Staal in Senators zone.
11:26 of 1st period - David Jones is hit by Eric Staal.
11:34 of 1st period - Shot by Guillaume Latendresse.
11:34 of 1st period - Stopped by Brian Elliott without a rebound.
11:35 of 1st period - Sidney Crosby wins face-off versus Steven Reinprecht in Hurricanes zone.
11:35 of 1st period - Chris Stewart is hit by Ryan OByrne and loses puck.
11:59 of 1st period - Michael Ryder is hit by Dion Phaneuf and loses puck.
12:07 of 1st period - Minor Penalty to Michael Ryder for Holding.
12:08 of 1st period - Sidney Crosby wins face-off versus Eric Staal in Hurricanes zone.
12:12 of 1st period - Minor Penalty to Jan Hejda for Hooking.
12:13 of 1st period - Sidney Crosby wins face-off versus Eric Staal in Hurricanes zone.
12:28 of 1st period - Shot by Filip Kuba.
12:28 of 1st period - Stopped by Brian Elliott without a rebound.
12:29 of 1st period - Jason Spezza wins face-off versus Eric Staal in Hurricanes zone.
12:36 of 1st period - Shot by Jason Spezza.
12:36 of 1st period - Stopped by Brian Elliott with a rebound.
12:49 of 1st period - Icing by Dion Phaneuf.
12:50 of 1st period - Jason Spezza wins face-off versus Martin Hanzal in Senators zone.
13:05 of 1st period - Shot by Chris Stewart.
13:05 of 1st period - Shot Misses the Net.
13:07 of 1st period - Shot by Dion Phaneuf.
13:07 of 1st period - Shot Blocked by Ryan OByrne.
13:09 of 1st period - Shot by Carl Gunnarsson.
13:09 of 1st period - Stopped by Brian Elliott without a rebound.
13:10 of 1st period - Thomas Vanek wins face-off versus Eric Staal in Hurricanes zone.
13:28 of 1st period - Minor Penalty to Daniel Briere for Hooking.
13:29 of 1st period - Martin Hanzal wins face-off versus Chris Stewart in Senators zone.
13:42 of 1st period - Shot by Sidney Crosby.
13:42 of 1st period - Stopped by Brian Elliott without a rebound.
13:43 of 1st period - Eric Staal wins face-off versus Jason Spezza in Hurricanes zone.
14:36 of 1st period - Shot by Andy Greene.
14:36 of 1st period - Stopped by Pascal Leclaire without a rebound.
14:37 of 1st period - Martin Hanzal wins face-off versus David Steckel in Senators zone.
15:32 of 1st period - Steven Reinprecht is hit by Jay Bouwmeester and loses puck.
16:02 of 1st period - Minor Penalty to Jamie Benn for Roughing.
16:03 of 1st period - Eric Staal wins face-off versus Jason Spezza in Hurricanes zone.
18:00 of 1st period - Minor Penalty to Jan Hejda for Tripping.
18:01 of 1st period - Martin Hanzal wins face-off versus Sidney Crosby in Hurricanes zone.
18:41 of 1st period - Minor Penalty to Chris Stewart for Tripping.
18:42 of 1st period - Jason Spezza wins face-off versus Brandon Yip in Senators zone.
19:10 of 1st period - Shot by Guillaume Latendresse.
19:10 of 1st period - Shot Misses the Net.
19:22 of 1st period - Brent Sopel is hit by Brandon Yip and loses puck.
19:39 of 1st period - Shot by Mike Cammalleri.
19:39 of 1st period - Stopped by Brian Elliott without a rebound.
19:40 of 1st period - Sidney Crosby wins face-off versus Eric Staal in Hurricanes zone.
19:51 of 1st period - Shot by Sidney Crosby.
19:51 of 1st period - Shot Misses the Net.

Period #2

0:01 of 2nd period - Jordan Staal wins face-off versus Eric Staal in neutral zone.
0:26 of 2nd period - Shot by Jarome Iginla.
0:26 of 2nd period - Goal by Jarome Iginla - Hurricanes : 2 - Senators : 0.
0:27 of 2nd period - Mikhail Grabovski wins face-off versus Sidney Crosby in neutral zone.
0:41 of 2nd period - Mikhail Grabovski is hit by Chris Stewart and loses puck.
0:54 of 2nd period - Shot by Mike Cammalleri.
0:54 of 2nd period - Shot Misses the Net.
0:56 of 2nd period - Shot by Dion Phaneuf.
0:56 of 2nd period - Goal by Dion Phaneuf - Hurricanes : 2 - Senators : 1.
0:57 of 2nd period - Jordan Staal wins face-off versus Steven Reinprecht in neutral zone.
1:02 of 2nd period - Shot by Guillaume Latendresse.
1:02 of 2nd period - Shot Misses the Net.
1:06 of 2nd period - Shot by Jordan Staal.
1:06 of 2nd period - Shot Misses the Net.
1:08 of 2nd period - Shot by Jordan Staal.
1:08 of 2nd period - Goal by Jordan Staal - Hurricanes : 2 - Senators : 2.
1:09 of 2nd period - Eric Staal wins face-off versus Jason Spezza in neutral zone.
1:09 of 2nd period - Jarome Iginla is hit by Daniel Briere and loses puck.
1:36 of 2nd period - Shot by Thomas Vanek.
1:36 of 2nd period - Shot Blocked by Jamie Benn.
1:38 of 2nd period - Shot by Brent Sopel.
1:38 of 2nd period - Stopped by Brian Elliott without a rebound.
1:39 of 2nd period - Steven Reinprecht wins face-off versus David Jones in Hurricanes zone.
1:39 of 2nd period - Steven Reinprecht is hit by David Jones.
1:44 of 2nd period - Off-side.
1:45 of 2nd period - Mikhail Grabovski wins face-off versus Sidney Crosby in neutral zone.
2:42 of 2nd period - Shot by Jordan Staal.
2:42 of 2nd period - Stopped by Brian Elliott without a rebound.
2:43 of 2nd period - Jason Spezza wins face-off versus Eric Staal in Hurricanes zone.
2:43 of 2nd period - Daniel Briere is hit by Ryan Wilson and loses puck.
2:52 of 2nd period - Shot by Eric Staal.
2:52 of 2nd period - Deflect By Jamie Benn.
2:52 of 2nd period - Shot Misses the Net.
3:09 of 2nd period - Minor Penalty to Ryan Wilson for Holding.
3:10 of 2nd period - Jason Spezza wins face-off versus Martin Hanzal in Hurricanes zone.
3:13 of 2nd period - Shot by Mike Cammalleri.
3:13 of 2nd period - Stopped by Brian Elliott without a rebound.
3:14 of 2nd period - Martin Hanzal wins face-off versus Jason Spezza in Hurricanes zone.
3:14 of 2nd period - Martin Hanzal is hit by Chris Stewart.
4:29 of 2nd period - Shot by Filip Kuba.
4:29 of 2nd period - Stopped by Brian Elliott with a rebound.
5:12 of 2nd period - Eric Staal is hit by Jordan Staal and loses puck.
5:16 of 2nd period - Ryan Wilson is hit by Daniel Briere and loses puck.
5:19 of 2nd period - Shot by Ryan Wilson.
5:19 of 2nd period - Stopped by Pascal Leclaire without a rebound.
5:20 of 2nd period - Eric Staal wins face-off versus David Steckel in Senators zone.
5:42 of 2nd period - Shot by Eric Staal.
5:42 of 2nd period - Shot Blocked by Carl Gunnarsson.
5:44 of 2nd period - Shot by Jarome Iginla.
5:44 of 2nd period - Stopped by Pascal Leclaire without a rebound.
5:45 of 2nd period - Jordan Staal wins face-off versus Steven Reinprecht in Senators zone.
6:00 of 2nd period - David Jones is hit by Jed Ortmeyer and loses puck.
6:07 of 2nd period - Shot by Filip Kuba.
6:07 of 2nd period - Stopped by Brian Elliott with a rebound.
6:09 of 2nd period - Shot by Filip Kuba.
6:09 of 2nd period - Stopped by Brian Elliott without a rebound.
6:10 of 2nd period - Jason Spezza wins face-off versus Mikhail Grabovski in Hurricanes zone.
6:10 of 2nd period - Jason Spezza is hit by Freddy Meyer.
6:27 of 2nd period - Jason Spezza is hit by Brandon Yip and loses puck.
6:28 of 2nd period - Minor Penalty to Chris Thorburn for Slashing.
6:29 of 2nd period - Sidney Crosby wins face-off versus Eric Staal in Hurricanes zone.
6:30 of 2nd period - Shot by Thomas Vanek.
6:30 of 2nd period - Shot Misses the Net.
6:46 of 2nd period - Shot by Jay Bouwmeester.
6:46 of 2nd period - Shot Blocked by Andy Greene.
6:48 of 2nd period - Shot by Filip Kuba.
6:48 of 2nd period - Shot Misses the Net.
7:01 of 2nd period - Icing by Jay Bouwmeester.
7:02 of 2nd period - Martin Hanzal wins face-off versus Sidney Crosby in Senators zone.
7:51 of 2nd period - Shot by Dion Phaneuf.
7:51 of 2nd period - Shot Misses the Net.
8:24 of 2nd period - Icing by Sidney Crosby.
8:25 of 2nd period - Eric Staal wins face-off versus Sidney Crosby in Senators zone.
8:26 of 2nd period - Shot by Jarome Iginla.
8:26 of 2nd period - Goal by Jarome Iginla - Hurricanes : 3 - Senators : 2.
8:27 of 2nd period - Eric Staal wins face-off versus Jordan Staal in neutral zone.
8:51 of 2nd period - Minor Penalty to Chris Thorburn for Tripping.
8:52 of 2nd period - Eric Staal wins face-off versus Jason Spezza in Hurricanes zone.
8:52 of 2nd period - Eric Staal is hit by Chris Stewart.
10:23 of 2nd period - Shot by Dion Phaneuf.
10:23 of 2nd period - Stopped by Brian Elliott without a rebound.
10:24 of 2nd period - Sidney Crosby wins face-off versus Martin Hanzal in Hurricanes zone.
11:10 of 2nd period - Icing by Freddy Meyer.
11:11 of 2nd period - Jordan Staal wins face-off versus Mikhail Grabovski in Hurricanes zone.
11:22 of 2nd period - Shot by Jordan Staal.
11:22 of 2nd period - Stopped by Brian Elliott without a rebound.
11:23 of 2nd period - David Steckel wins face-off versus Eric Staal in Hurricanes zone.
11:31 of 2nd period - Icing by Carl Gunnarsson.
11:32 of 2nd period - David Steckel wins face-off versus Steven Reinprecht in Senators zone.
13:38 of 2nd period - Icing by Jay Bouwmeester.
13:39 of 2nd period - Jason Spezza wins face-off versus Eric Staal in Senators zone.
13:53 of 2nd period - Icing by Ryan Wilson.
13:54 of 2nd period - Eric Staal wins face-off versus Jordan Staal in Hurricanes zone.
14:07 of 2nd period - Shot by Jarome Iginla.
14:07 of 2nd period - Stopped by Pascal Leclaire without a rebound.
14:08 of 2nd period - Chris Stewart wins face-off versus Steven Reinprecht in Senators zone.
14:31 of 2nd period - Shot by Steven Reinprecht.
14:31 of 2nd period - Shot Misses the Net.
14:33 of 2nd period - Shot by Jed Ortmeyer.
14:33 of 2nd period - Stopped by Pascal Leclaire without a rebound.
14:34 of 2nd period - Jordan Staal wins face-off versus Mikhail Grabovski in Senators zone.
14:38 of 2nd period - Minor Penalty to Freddy Meyer for Holding.
14:39 of 2nd period - Jason Spezza wins face-off versus Martin Hanzal in Hurricanes zone.
14:40 of 2nd period - Shot by Mike Cammalleri.
14:40 of 2nd period - Stopped by Brian Elliott with a rebound.
14:42 of 2nd period - Shot by Dion Phaneuf.
14:42 of 2nd period - Stopped by Brian Elliott with a rebound.
14:44 of 2nd period - Shot by Carl Gunnarsson.
14:44 of 2nd period - Stopped by Brian Elliott without a rebound.
14:45 of 2nd period - Jason Spezza wins face-off versus Martin Hanzal in Hurricanes zone.
15:18 of 2nd period - Martin Hanzal is hit by Chris Stewart and loses puck.
15:33 of 2nd period - Shot by Thomas Vanek.
15:33 of 2nd period - Stopped by Brian Elliott with a rebound.
15:35 of 2nd period - Shot by Jay Bouwmeester.
15:35 of 2nd period - Stopped by Brian Elliott without a rebound.
15:36 of 2nd period - Sidney Crosby wins face-off versus Eric Staal in Hurricanes zone.
15:37 of 2nd period - Shot by Daniel Briere.
15:37 of 2nd period - Deflect By Sidney Crosby.
15:37 of 2nd period - Shot Blocked by Andy Greene.
15:57 of 2nd period - Shot by Jay Bouwmeester.
15:57 of 2nd period - Shot Blocked by Andy Greene.
16:49 of 2nd period - Shot by Brandon Yip.
16:49 of 2nd period - Goal by Brandon Yip - Hurricanes : 4 - Senators : 2.
16:49 of 2nd period - Carey Price enters game.
16:50 of 2nd period - Eric Staal wins face-off versus David Steckel in neutral zone.
16:59 of 2nd period - Shot by Jarome Iginla.
16:59 of 2nd period - Stopped by Carey Price without a rebound.
17:00 of 2nd period - Jordan Staal wins face-off versus Mikhail Grabovski in Senators zone.
17:00 of 2nd period - Jordan Staal is hit by Chris Thorburn.
17:01 of 2nd period - Minor Penalty to Chris Thorburn for Holding.
17:02 of 2nd period - Eric Staal wins face-off versus Thomas Vanek in Hurricanes zone.
17:34 of 2nd period - Icing by Jay Bouwmeester.
17:35 of 2nd period - Sidney Crosby wins face-off versus Martin Hanzal in Senators zone.
18:10 of 2nd period - Shot by Mike Cammalleri.
18:10 of 2nd period - Deflect By Chris Stewart.
18:10 of 2nd period - Shot Misses the Net.
18:12 of 2nd period - Shot by Carl Gunnarsson.
18:12 of 2nd period - Stopped by Brian Elliott without a rebound.
18:13 of 2nd period - Jason Spezza wins face-off versus Eric Staal in Hurricanes zone.
19:55 of 2nd period - Minor Penalty to Michael Ryder for Interference.
19:56 of 2nd period - Sidney Crosby wins face-off versus Martin Hanzal in Hurricanes zone.

Period #3

0:01 of 3rd period - Eric Staal wins face-off versus Sidney Crosby in neutral zone.
1:07 of 3rd period - Icing by Chris Stewart.
1:08 of 3rd period - Jason Spezza wins face-off versus Martin Hanzal in Senators zone.
1:08 of 3rd period - Jason Spezza is hit by Martin Hanzal.
1:53 of 3rd period - Shot by Sidney Crosby.
1:53 of 3rd period - Shot Misses the Net.
1:57 of 3rd period - Shot by Sidney Crosby.
1:57 of 3rd period - Goal by Sidney Crosby - Hurricanes : 4 - Senators : 3.
1:58 of 3rd period - Mikhail Grabovski wins face-off versus Jordan Staal in neutral zone.
2:11 of 3rd period - Shot by Mikhail Grabovski.
2:11 of 3rd period - Deflect By Brandon Yip.
2:11 of 3rd period - Stopped by Carey Price without a rebound.
2:12 of 3rd period - David Steckel wins face-off versus Steven Reinprecht in Senators zone.
2:26 of 3rd period - Patrick Eaves is hit by Ryan OByrne and loses puck.
2:35 of 3rd period - Shot by Patrick Eaves.
2:35 of 3rd period - Stopped by Brian Elliott without a rebound.
2:36 of 3rd period - Sidney Crosby wins face-off versus Eric Staal in Hurricanes zone.
2:52 of 3rd period - Icing by Filip Kuba.
2:53 of 3rd period - Sidney Crosby wins face-off versus Mikhail Grabovski in Senators zone.
2:53 of 3rd period - Sidney Crosby is hit by Chris Thorburn.
3:27 of 3rd period - Brandon Yip is hit by Daniel Briere and loses puck.
3:33 of 3rd period - Icing by Jaroslav Spacek.
3:34 of 3rd period - Jordan Staal wins face-off versus Mikhail Grabovski in Hurricanes zone.
3:43 of 3rd period - Shot by Guillaume Latendresse.
3:43 of 3rd period - Shot Blocked by Jaroslav Spacek.
4:18 of 3rd period - Icing by Jaroslav Spacek.
4:19 of 3rd period - Mikhail Grabovski wins face-off versus Jason Spezza in Hurricanes zone.
4:19 of 3rd period - Mikhail Grabovski is hit by Thomas Vanek.
5:21 of 3rd period - Shot by Mike Cammalleri.
5:21 of 3rd period - Stopped by Brian Elliott without a rebound.
5:22 of 3rd period - David Steckel wins face-off versus Steven Reinprecht in Hurricanes zone.
5:22 of 3rd period - Minor Penalty to Ryan OByrne for Hooking.
5:23 of 3rd period - Jason Spezza wins face-off versus Martin Hanzal in Hurricanes zone.
5:38 of 3rd period - Shot by Chris Stewart.
5:38 of 3rd period - Stopped by Brian Elliott without a rebound.
5:39 of 3rd period - Martin Hanzal wins face-off versus Sidney Crosby in Hurricanes zone.
6:04 of 3rd period - Shot by Sidney Crosby.
6:04 of 3rd period - Stopped by Brian Elliott without a rebound.
6:05 of 3rd period - Eric Staal wins face-off versus Jason Spezza in Hurricanes zone.
6:36 of 3rd period - Shot by Mike Cammalleri.
6:36 of 3rd period - Shot Misses the Net.
6:40 of 3rd period - Shot by Jason Spezza.
6:40 of 3rd period - Shot Blocked by Andy Greene.
7:08 of 3rd period - Shot by Jay Bouwmeester.
7:08 of 3rd period - Shot Blocked by Jarome Iginla.
7:10 of 3rd period - Shot by Filip Kuba.
7:10 of 3rd period - Shot Misses the Net.
7:12 of 3rd period - Shot by Jay Bouwmeester.
7:12 of 3rd period - Shot Misses the Net.
7:14 of 3rd period - Shot by Daniel Briere.
7:14 of 3rd period - Shot Misses the Net.
7:29 of 3rd period - Minor Penalty to Brent Sopel for Tripping.
7:30 of 3rd period - Jordan Staal wins face-off versus Martin Hanzal in Senators zone.
8:31 of 3rd period - Shot by Eric Staal.
8:31 of 3rd period - Stopped by Carey Price with a rebound.
8:33 of 3rd period - Shot by Andy Greene.
8:33 of 3rd period - Stopped by Carey Price without a rebound.
8:34 of 3rd period - Jordan Staal wins face-off versus Brandon Yip in Senators zone.
8:40 of 3rd period - Icing by Jere Lehtinen.
8:41 of 3rd period - Jordan Staal wins face-off versus Jere Lehtinen in Hurricanes zone.
9:44 of 3rd period - Shot by Chris Stewart.
9:44 of 3rd period - Stopped by Brian Elliott without a rebound.
9:45 of 3rd period - Eric Staal wins face-off versus Jason Spezza in Hurricanes zone.
10:01 of 3rd period - Minor Penalty to Jay Bouwmeester for Roughing.
10:02 of 3rd period - Martin Hanzal wins face-off versus Jordan Staal in Senators zone.
10:24 of 3rd period - Icing by Jaroslav Spacek.
10:25 of 3rd period - Martin Hanzal wins face-off versus David Steckel in Hurricanes zone.
10:48 of 3rd period - Michael Ryder is hit by Patrick Eaves and loses puck.
11:21 of 3rd period - Jamie Benn is hit by Brent Sopel and loses puck.
12:12 of 3rd period - Icing by Mike Cammalleri.
12:13 of 3rd period - Sidney Crosby wins face-off versus Steven Reinprecht in Senators zone.
12:44 of 3rd period - Sidney Crosby is hit by Jarome Iginla and loses puck.
14:10 of 3rd period - Shot by Jordan Staal.
14:10 of 3rd period - Shot Blocked by Jamie Benn.
14:14 of 3rd period - Shot by Jordan Staal.
14:14 of 3rd period - Shot Misses the Net.
14:16 of 3rd period - Shot by Carl Gunnarsson.
14:16 of 3rd period - Stopped by Brian Elliott without a rebound.
14:17 of 3rd period - Jason Spezza wins face-off versus Eric Staal in Hurricanes zone.
14:23 of 3rd period - Icing by Andy Greene.
14:24 of 3rd period - Jason Spezza wins face-off versus Eric Staal in Hurricanes zone.
14:30 of 3rd period - Icing by Jamie Benn.
14:31 of 3rd period - David Steckel wins face-off versus Eric Staal in Hurricanes zone.
14:31 of 3rd period - Patrick Eaves is hit by Ryan Wilson and loses puck.
14:47 of 3rd period - Icing by Ryan Wilson.
14:48 of 3rd period - Eric Staal wins face-off versus Jason Spezza in Hurricanes zone.
15:46 of 3rd period - Off-side.
15:47 of 3rd period - Sidney Crosby wins face-off versus Mikhail Grabovski in neutral zone.
16:09 of 3rd period - Shot by Chris Stewart.
16:09 of 3rd period - Stopped by Brian Elliott without a rebound.
16:10 of 3rd period - Eric Staal wins face-off versus Jason Spezza in Hurricanes zone.
16:20 of 3rd period - Eric Staal is hit by Jay Bouwmeester.
16:36 of 3rd period - Shot by Guillaume Latendresse.
16:36 of 3rd period - Stopped by Brian Elliott with a rebound.
16:38 of 3rd period - Shot by Jay Bouwmeester.
16:38 of 3rd period - Stopped by Brian Elliott without a rebound.
16:39 of 3rd period - Sidney Crosby wins face-off versus Steven Reinprecht in Hurricanes zone.
16:58 of 3rd period - Jed Ortmeyer is hit by Chris Stewart and loses puck.
17:03 of 3rd period - Shot by Mike Cammalleri.
17:03 of 3rd period - Shot Misses the Net.
17:05 of 3rd period - Shot by Filip Kuba.
17:05 of 3rd period - Stopped by Brian Elliott without a rebound.
17:06 of 3rd period - Mikhail Grabovski wins face-off versus Jordan Staal in Hurricanes zone.
17:22 of 3rd period - Icing by Brent Sopel.
17:23 of 3rd period - Eric Staal wins face-off versus Jordan Staal in Senators zone.
17:40 of 3rd period - Shot by Eric Staal.
17:40 of 3rd period - Stopped by Carey Price without a rebound.
17:41 of 3rd period - Mike Cammalleri wins face-off versus Mikhail Grabovski in Senators zone.
18:07 of 3rd period - Shot by Chris Stewart.
18:07 of 3rd period - Shot Misses the Net.
18:25 of 3rd period - Freddy Meyer is hit by Karlis Skrastins and loses puck.
18:36 of 3rd period - Jed Ortmeyer is hit by Daniel Briere and loses puck.
18:43 of 3rd period - Shot by Jason Spezza.
18:43 of 3rd period - Stopped by Brian Elliott without a rebound.
18:44 of 3rd period - Eric Staal wins face-off versus Jason Spezza in Hurricanes zone.
19:03 of 3rd period - Senators, Carey Price is pulled from the net.


Output by the SimonT Hockey Simulator (STHS) for Stephane Roy -- Original Page W3C XHTML 1.0 Valid